 Dungeon Crawl Stone Soup version 0.25.1-2-g60ff931df9 (webtiles) character file.

Game seed: 12973558067713519119

15 Acheron the Firebug (level 2, -3/22 HPs)
             Began as a Hill Orc Fire Elementalist on July 29, 2020.
             Slain by a gnoll
             ... wielding a +0 spear
              (5 damage)
             ... on level 2 of the Dungeon.
             The game lasted 00:01:36 (665 turns).

Acheron the Firebug (Hill Orc Fire Elementalist)     Turns: 665, Time: 00:01:37

Health: -3/22      AC:  2    Str: 10    XL:     2   Next: 50%
Magic:  2/4        EV: 12    Int: 15    God:
Gold:   51         SH:  0    Dex: 11    Spells: 3/4 levels left

rFire    . . .     SeeInvis .   h - +0 dagger
rCold    . . .     Gourm    .   (no shield)
rNeg     . . .     Faith    .   a - +0 robe
rPois    .         Spirit   .   (no helmet)
rElec    .         Reflect  .   (no cloak)
rCorr    .         Harm     .   (no gloves)
MR       .....                  (no boots)
Stlth    ++........             (no amulet)
HPRegen  0.07/turn              (no ring)
MPRegen  0.09/turn              (no ring)

@: no status effects
A: no striking features
a: no special abilities


You were on level 2 of the Dungeon.
You were not hungry.

You visited 1 branch of the dungeon, and saw 2 of its levels.

You collected 51 gold pieces.

Inventory:

Hand Weapons
 h - a +0 dagger (weapon)
Armour
 a - a +0 robe (worn)
Scrolls
 b - a scroll of remove curse
 d - a scroll of teleportation {unknown}
 f - a scroll of random uselessness {unknown}
 g - a scroll of noise {unknown}
 j - a scroll of identify {unknown}
Potions
 e - a potion of invisibility {unknown}
Comestibles
 c - 2 rations


   Skills:
 * Level 0.6 Fighting
 * Level 1.7 Dodging
 * Level 1.7 Stealth
 * Level 1.7 Spellcasting
 * Level 1.2 Conjurations
 + Level 3.5 Fire Magic


You had 3 spell levels left.
You knew the following spells:

 Your Spells              Type           Power        Failure   Level  Hunger
a - Foxfire               Conj/Fire      #...         9%          1    ##.....

Your spell library contained the following spells:

 Spells                   Type           Power        Failure   Level  Hunger
 Conjure Flame            Conj/Fire      #.......     26%         3    ####...
 Inner Flame              Hex/Fire       #.......     32%         3    ####...
 Sticky Flame             Conj/Fire      #.......     63%         4    #####..
 Fireball                 Conj/Fire      #.........   93%         5    ######.


Dungeon Overview and Level Annotations

Branches:
Dungeon (2/15)

Altars:
Fedhas


Message History

You hit the gnoll but do no damage.
The gnoll is almost dead.
The gnoll closely misses you. The gnoll barely misses you. x2
You hit the gnoll.
You kill the gnoll!
You have reached level 2!
The gnoll closely misses you.
You hit the gnoll.
The gnoll is lightly wounded.
The gnoll hits you.
The gnoll hits you from afar with a +0 spear!
You hit the gnoll but do no damage.
The gnoll is lightly wounded.
The gnoll closely misses you. The gnoll barely misses you.
As you read the scroll labeled XECIEK WAYC, it crumbles to dust.
You feel blessed for a moment.
It was a scroll of remove curse.
The gnoll hits you!
* * * LOW HITPOINT WARNING * * *
The gnoll hits you from afar with a +0 spear.
You die...

......+ ..g...#
..g...# #'#
#.#############
#.....gg.g...ยง#
############.##
#.#### #gg.@#
####g# #.# #.#
#.# #######.#
#.......#
#.####### #.#


You could see 3 gnolls.

Vanquished Creatures
  A gnoll (D:2)
  A giant cockroach (D:2)
  A goblin (D:1)
  A hobgoblin (D:1)
  A frilled lizard (D:1)
5 creatures vanquished.

Vanquished Creatures (others)
  2 foxfires (D:2)
2 creatures vanquished.

Grand Total: 7 creatures vanquished

Notes
Turn   | Place    | Note
-------+----------+-------------------------------------------
     0 | D:1      | Acheron the Hill Orc Fire Elementalist began the quest for
                  | the Orb.
     0 | D:1      | Reached XP level 1. HP: 14/14 MP: 3/3
     0 | D:1      | Noticed an ogre
     0 | D:1      | Noticed a human
     3 | D:1      | Noticed a human
     3 | D:1      | Noticed a gargoyle
     5 | D:1      | Noticed a gargoyle
     6 | D:1      | Noticed an octopode
     7 | D:1      | Noticed a spriggan
    10 | D:1      | Noticed a felid
    15 | D:1      | Noticed an ogre
    15 | D:1      | Noticed a gargoyle
    17 | D:1      | Noticed an ogre
    17 | D:1      | Noticed an ogre
    19 | D:1      | Noticed a minotaur
    19 | D:1      | Noticed a draconian
    21 | D:1      | Noticed an octopode
   639 | D:2      | Found a blossoming altar of Fedhas.
   662 | D:2      | Reached XP level 2. HP: 22/22 MP: 1/4
   665 | D:2      | Slain by a gnoll

Illustrated notes

Levels and vault maps discovered:
D:1:      shiori_arrival_whats_in_store_for_you, layout_rooms
D:2:      layout_basic, fedhas_altar_1

Action                   || total
-------------------------++-------
Melee: Dagger            ||    26
 Cast: Foxfire           ||     2
  Use: Scroll            ||     1
Armor: Robe              ||     3
Dodge: Dodged            ||    17
